 Dungeon Crawl Stone Soup version 0.31.0-12-g77e489cdc1 (webtiles) character file.

Game seed: 13573044218590996867

86 Gadfly the Sneak (level 4, -2/21 HPs)
             Began as a Spriggan Enchanter on Feb 16, 2024.
             Splashed by a jelly's acid (7 damage)
             ... on level 3 of the Dungeon.
             The game lasted 00:04:24 (2694 turns).

Gadfly the Sneak (Spriggan Enchanter)               Turns: 2694, Time: 00:04:25

Health: -2/21      AC:  2    Str:  4    XL:     4   Next: 26%
Magic:  1/9        EV: 18    Int: 16    God:
Gold:   151        SH:  0    Dex: 17    Spells: 7/9 levels left

rFire   . . .        a - +1 dagger
rCold   . . .        (no shield)
rNeg    . . .        b - +0 robe
rPois   .            (helmet restricted)
rElec   .            (no cloak)
rCorr   .            (gloves unavailable)
SInv    +            (boots unavailable)
Will    .....        (no amulet)
Stlth   +++          (no ring)
HPRegen 0.23/turn    (no ring)
MPRegen 0.11/turn

%: no passive effects
@: very quick
A: very small, no large weapons, unfitting armour, see invisible, speed 3
a: no special abilities


You were on level 3 of the Dungeon.
You visited 1 branch of the dungeon, and saw 3 of its levels.

You collected 151 gold pieces.

Inventory:

Hand Weapons
 a - a +1 dagger (weapon)
Armour
 b - a +0 robe (worn)
Scrolls
 d - a scroll of identify
Potions
 c - 2 potions of invisibility
 e - a potion of heal wounds
 j - a potion of mutation


   Skills:
 + Level 0.9 Fighting
 + Level 2.1 Short Blades
 + Level 3.4 Dodging
 + Level 5.1 Stealth
 + Level 3.1 Spellcasting
 + Level 4.0 Hexes
 + Level 1.4 Evocations


You had 7 spell levels left.
You knew the following spells:

 Your Spells              Type           Power      Damage    Failure   Level
a - Ensorcelled Hibernat  Hex/Ice        18%        N/A       12%         2

Your spell library contained the following spells:

 Spells                   Type           Power      Damage    Failure   Level
 Confusing Touch          Hex            15%        N/A       11%         3
 Tukima's Dance           Hex            15%        N/A       11%         3
 Sandblast                Erth           4%         2d4       19%         1
 Dazzling Flash           Conj/Hex       18%        N/A       24%         3
 Passwall                 Erth           2%         N/A       50%         3
 Stone Arrow              Conj/Erth      4%         3d7       50%         3
 Brom's Barrelling Bould  Conj/Erth      2%         2d3       88%         4


Dungeon Overview and Level Annotations

Branches:
Dungeon (3/15)

Altars:

Annotations:
D:1 1 transporter


Innate Abilities, Weirdness & Mutations

You are very small and have problems with some larger weapons.
You are too small for most types of armour.
You have supernaturally acute eyesight. (SInv)
You cover ground extremely quickly. (Speed+++)


Message History

You climb downwards.
There is a stone staircase leading up here.
Found 4 atropa-tipped darts.
A rat comes into view.
Found a potion of mutation.
Search for what [Enter for "armo", or ? for help]? bra Search for what [Enter for "bra", or ? for help]? alt
Found a blade talisman.
A jelly comes into view.
The helpless rat fails to defend itself.
You impale the rat!!
You kill the rat!
A hobgoblin comes into view.
A bat comes into view.
The hobgoblin shouts!
The jelly resists with significant effort.
You hit the jelly.
Your hands burn!
The jelly is lightly wounded.
The bat hits you but does no damage. The jelly completely misses you.
The jelly resists with significant effort.
The jelly misses you. The bat barely misses you.
You hit the jelly.
Your hands burn!
The jelly is moderately wounded.
The bat closely misses you. The jelly misses you.
The jelly resists with significant effort.
The bat barely misses you. The hobgoblin hits you.
The jelly hits you but does no damage.
You hit the jelly.
Your hands burn!
The jelly is moderately wounded.
The bat barely misses you. The hobgoblin completely misses you.
The jelly closely misses you.
The jelly resists with significant effort.
The bat hits you. The bat misses you. The hobgoblin misses you.
The jelly closely misses you.
You hit the jelly.
Your hands burn!
The jelly is heavily wounded.
The bat misses you. The hobgoblin completely misses you. The jelly hits you.
* * * LOW HITPOINT WARNING * * *
You are splashed with acid!
You die...

##### #<..#
######.# #
#......##.#
#.####....#
#...#######.#
#...b..@J%..#
####.†..g......
#(.!........
#..........#
.............
#.#..#####....
#....# ....
...#.# ...


You could see a jelly, a hobgoblin and a bat.

Vanquished Creatures
  2 adders (D:2)
  A ribbon worm (D:2)
  3 dart slugs
  8 ball pythons
  3 endoplasms
  A giant cockroach (D:2)
  6 goblins
  8 hobgoblins (D:1)
  6 jackals
  6 kobolds
  A quokka (D:1)
  3 bats
  A frilled lizard (D:1)
  8 rats
57 creatures vanquished.

Notes
Turn   | Place    | Note
-------+----------+-------------------------------------------
     0 | D:1      | Gadfly the Spriggan Enchanter began the quest for the Orb.
     0 | D:1      | Reached XP level 1. HP: 9/9 MP: 5/5
   206 | D:1      | Reached XP level 2. HP: 13/13 MP: 6/6
   209 | D:1      | Learned a level 2 spell: Ensorcelled Hibernation
   704 | D:1      | Reached skill level 1 in Evocations
   773 | D:1      | Reached XP level 3. HP: 12/17 MP: 8/8
  1630 | D:2      | Found a faded altar of an unknown god.
  1919 | D:2      | Reached skill level 5 in Stealth
  2055 | D:2      | Reached XP level 4. HP: 21/21 MP: 6/9
  2694 | D:3      | Splashed by a jelly's acid

Illustrated notes

Levels and vault maps discovered:
D:1:      spicycebolla_arrival_risky_transporter, layout_loops_corners
D:2:      layout_loops_ring, chequers_ecumenical_altar_simple
D:3:      layout_basic, zin_statuary, mainiacjoe_overflow_boulevard,
          minmay_misc_feat_tiny, wad_orctagon

Skill      XL: |  1  2  3  4 |
---------------+-------------+-----
Dodging        | 3 |  3.4
Evocations     | 1 |  1.4
Spellcasting   | 3 |  3.1
Short Blades   | 2 |  2.1
Stealth        | 5 |  5.1
Hexes          | 4 |  4.0
Fighting       | |  0.9

Action                     |  1- 3 |  4- 6 || total
---------------------------+-------+-------++-------
  Melee: Dagger            |   139 |    32 ||   171
         Punch             |     1 |       ||     1
   Cast: Ensorcelled Hiber |    28 |    14 ||    42
    Use: Scroll            |     3 |     6 ||     9
         Potion            |       |     1 ||     1
   Stab: Sleeping          |    24 |     6 ||    30
         Distracted        |     2 |       ||     2
 Armour: Robe              |    43 |    16 ||    59
  Dodge: Dodged            |   111 |    39 ||   150
